Kings vs Jets
Created - November 21, 2023 at 19:03
Goals
|
| Kings |
3 |
1 |
1 |
5 |
| Jets |
0 |
1 |
0 |
1 |
|
Shots
|
| Kings |
15 |
9 |
11 |
35 |
| Jets |
9 |
11 |
17 |
37 |
|
1st period
1. Kings , Pavel Zacha 3 (Quinn Hughes 1) at 11:15
2. Kings , Pavel Zacha 4 (Pierre-Edouard Bellemare 3, Adam Fox 7) at 14:09
3. Kings , Mitch Marner 4 (Quinn Hughes 2, Auston Matthews 6) at 19:52 (PP)
Penalties :
Adam Larsson (Win) for High sticking (Minor) at 16:31, Troy Stetcher (Win) for Holding (Minor) at 19:32
2nd period
4. Kings , Brayden Schenn 5 (Nikita Kucherov 9) at 15:30 (PP)
5. Jets , Alex Galchenyuk 10 (Ryan Johansen 10, Tyler Seguin 9) at 16:16
Penalties :
Frank Vatrano (Win) for Tripping (Minor) at 1:15, Alex Galchenyuk (Win) for Roughing (Minor) at 6:19, Frank Vatrano (Win) for Tripping (Minor) at 9:49, Matthew Tkachuk (L.A) for Holding (Minor) at 13:26, Adam Larsson (Win) for Delaying the game (Minor) at 15:08, Brayden Schenn (L.A) for Goalie Interference (Minor) at 16:27
3rd period
6. Kings , Pavel Zacha 5 (Joe Pavelski 3, Pierre-Edouard Bellemare 4) at 1:55
Penalties :
Ryan Johansen (Win) for Hooking (Minor) at 1:58
Goalie Stats
Alexandar Georgiev (L.A), 36 saves from 37 shots - (0.973), W, 4-7-1, 60:00 minutes
Jacob Markstrom (Win), 30 saves from 35 shots - (0.857), L, 6-5-2, 60:00 minutes
Players Stats for Kings
Player Name G A P +/- PIM S H SB GA TA FO MP PP MP PK MP
------------------------------------------------------------------------------------
Aaron Ekblad 0 0 0 -1 0 2 1 0 1 1 0/0 23:39 3:26 1:37
Adam Fox 0 1 1 1 0 3 0 1 0 1 0/0 20:47 6:54 0:00
Auston Matthews 0 1 1 -1 0 1 1 1 0 0 9/20 19:01 5:36 0:00
Brayden Schenn 1 0 1 0 2 4 2 0 1 0 6/21 19:29 4:41 0:00
Chris Kreider 0 0 0 -1 0 3 1 2 1 0 1/2 21:05 3:21 2:13
Jared Cowen 0 0 0 1 0 2 0 5 0 1 0/0 16:56 0:28 2:04
Joe Pavelski 0 1 1 3 0 4 1 0 0 1 2/4 13:21 0:03 2:13
Marc Staal 0 0 0 2 0 1 1 3 0 1 0/0 15:40 0:00 2:04
Matthew Tkachuk 0 0 0 -1 2 1 1 1 1 0 0/0 18:03 4:41 0:00
Mitch Marner 1 0 1 0 0 2 3 0 2 0 0/0 19:08 5:36 0:00
Nikita Kucherov 0 1 1 0 0 2 0 1 0 0 2/2 19:33 5:42 0:00
Pavel Zacha 3 0 3 3 0 5 1 0 0 0 0/0 15:17 4:36 0:19
Philip Samuelsson 0 0 0 -1 0 0 1 0 1 4 0/0 17:57 0:05 1:37
Pierre-Edouard Bellemare 0 2 2 3 0 0 0 0 0 0 4/8 12:23 0:00 1:09
Quinn Hughes 0 2 2 2 0 1 0 0 0 2 0/0 19:58 6:28 0:00
Ryan Getzlaf 0 0 0 0 0 1 1 0 0 0 3/5 7:15 0:00 0:19
Sean Bergenheim 0 0 0 0 0 2 1 1 0 1 0/1 7:37 0:03 0:00
Zac Rinaldo 0 0 0 0 0 1 0 1 0 0 1/1 8:51 0:00 1:09
Players Stats for Jets
Player Name G A P +/- PIM S H SB GA TA FO MP PP MP PK MP
------------------------------------------------------------------------------------
Adam Larsson 0 0 0 0 4 2 0 2 1 1 0/0 26:05 2:24 4:47
Alex Galchenyuk 1 0 1 1 2 3 3 0 2 1 0/2 18:29 1:53 1:33
Alexander Wennberg 0 0 0 -1 0 1 0 0 1 0 5/9 14:21 0:00 5:29
Anthony Mantha 0 0 0 -2 0 2 1 0 0 1 1/1 21:11 1:48 5:34
Dougie Hamilton 0 0 0 0 0 1 2 2 1 1 0/0 26:48 2:25 5:57
Frank Vatrano 0 0 0 -1 4 2 4 0 1 0 0/0 12:08 0:00 1:57
Kyle Connor 0 0 0 0 0 0 1 0 1 0 0/0 7:50 0:00 0:09
Marco Scandella 0 0 0 -2 0 0 2 3 0 1 0/0 18:15 0:00 4:39
Max Domi 0 0 0 -2 0 3 1 0 1 0 13/18 15:49 1:48 0:19
Mirco Mueller 0 0 0 0 0 4 0 1 1 0 0/0 15:08 0:00 0:54
Noel Acciari 0 0 0 0 0 2 0 0 0 0 0/2 12:01 0:00 3:08
Ryan Johansen 0 1 1 1 2 3 1 0 1 1 17/30 16:30 1:53 0:05
Ryan Murray 0 0 0 -2 0 0 1 0 1 1 0/0 19:02 1:16 3:52
Sam Reinhart 0 0 0 0 0 2 0 0 0 0 0/0 8:57 1:16 0:00
Troy Stetcher 0 0 0 0 2 6 0 0 0 0 0/0 14:09 0:00 0:31
Tyler Seguin 0 1 1 1 0 0 2 0 1 0 0/0 16:03 1:48 0:00
Tyler Toffoli 0 0 0 -1 0 0 1 0 0 0 0/1 10:03 1:53 0:00
Viktor Arvidsson 0 0 0 -2 0 6 2 1 0 0 0/1 16:27 0:00 2:26
3 Stars
1 - Pavel Zacha (L.A)
2 - Alexandar Georgiev (L.A)
3 - Pierre-Edouard Bellemare (L.A)
Power Play
Kings - 2 on 7 Attempt(s) - 28.57%
Jets - 0 on 2 Attempt(s) - 0.00%
Penalty Kill
Kings - 2 on 2 Attempt(s) - 100.00%
- Score 0 goal in Penalty Kill
Jets - 5 on 7 Attempt(s) - 71.43%
- Score 0 goal in Penalty Kill
Team Stat
Kings - Hits : 15 - Faceoff Wins : 28 - Blocked Shots : 16 - Penalty Minutes : 4
Jets - Hits : 21 - Faceoff Wins : 36 - Blocked Shots : 9 - Penalty Minutes : 14
Official
Referees : Wes McCauley and Kendrick Nicholson
Linesman : David Brisebois and Shandor Alphonso
Game Notes
Pavel Zacha has scored a Hat Trick!
Finance
Level 1 -- Attendance: 5454 (90.90%) -- Ticket Income $545,400
Level 2 -- Attendance: 5000 (100.00%) -- Ticket Income $300,000
Level 3 -- Attendance: 2000 (100.00%) -- Ticket Income $70,000
Level 4 -- Attendance: 3791 (94.78%) -- Ticket Income $94,775
Luxury Box -- Attendance: 882 (88.20%) -- Ticket Income $176,400
Game was played at the Bell MTS Place.
Total Attendance: 17127 (95.15%)
Total Ticket Income: $1,186,575
Other Income: $177,986
Total Income: $1,364,561
Kings
5 vs 5 Forward
Center Left Wing Right Wing Time % Phy DF OF
1 Brayden Schenn Nikita Kucherov Mitch Marner 35 1 2 2
2 Auston Matthews Chris Kreider Matthew Tkachuk 35 1 2 2
3 Pierre-Edouard Bellemare Pavel Zacha Joe Pavelski 29 1 2 2
4 Ryan Getzlaf Zac Rinaldo Sean Bergenheim 1 3 2 0
5 vs 5 Defense
Defense Defense Time % Phy DF OF
1 Philip Samuelsson Aaron Ekblad 35 1 2 2
2 Jared Cowen Adam Fox 35 1 2 2
3 Marc Staal Quinn Hughes 30 1 2 2
4 Quinn Hughes Jared Cowen 0 1 2 2
PowerPlay Forward
Center Left Wing Right Wing Time % Phy DF OF
1 Auston Matthews Nikita Kucherov Mitch Marner 60 0 0 5
2 Brayden Schenn Pavel Zacha Matthew Tkachuk 40 0 0 5
PowerPlay Defense
Defense Defense Time % Phy DF OF
1 Quinn Hughes Adam Fox 70 0 1 4
2 Aaron Ekblad Chris Kreider 30 0 1 4
Penalty Kill 4 Players Forward
Center Wing Time % Phy DF OF
1 Joe Pavelski Chris Kreider 60 1 2 2
2 Pierre-Edouard Bellemare Zac Rinaldo 40 1 2 2
Penalty Kill 4 Players Defense
Defense Defense Time % Phy DF OF
1 Marc Staal Jared Cowen 60 1 2 2
2 Philip Samuelsson Aaron Ekblad 40 1 2 2
Penalty Kill - 3 Players Forward
Forward Time % Phy DF OF
1 Pierre-Edouard Bellemare 60 1 2 2
2 Joe Pavelski 40 1 2 2
Penalty Kill - 3 Players Defense
Defense Defense Time % Phy DF OF
1 Marc Staal Jared Cowen 60 1 2 2
2 Philip Samuelsson Aaron Ekblad 40 1 2 2
4 vs 4 Forward
Center Wing Time % Phy DF OF
1 Brayden Schenn Nikita Kucherov 60 1 2 2
2 Auston Matthews Chris Kreider 40 1 2 2
4 vs 4 Defense
Defense Defense Time % Phy DF OF
1 Aaron Ekblad Philip Samuelsson 60 1 2 2
2 Jared Cowen Adam Fox 40 1 2 2
Last Minutes Offensive
Center Left Wing Right Wing Defense Defense
Brayden Schenn Chris Kreider Nikita Kucherov Aaron Ekblad Adam Fox
Last Minutes Defensive
Center Left Wing Right Wing Defense Defense
Brayden Schenn Chris Kreider Matthew Tkachuk Marc Staal Jared Cowen
Goaltenders
Starting : Alexandar Georgiev
Backup : Carter Hutton
Extra Forwards
Normal : Pierre-Edouard Bellemare, Brayden Schenn, Auston Matthews - PP : Joe Pavelski, Sean Bergenheim - PK : Brayden Schenn
Extra Defensemen
Normal : Aaron Ekblad, Jared Cowen, Marc Staal - PP : Jared Cowen - PK : Quinn Hughes, Adam Fox
Penalty Shots
Nikita Kucherov, Auston Matthews, Chris Kreider, Brayden Schenn, Pavel Zacha
Custom OT Lines Forwards
Chris Kreider, Nikita Kucherov, Brayden Schenn, Auston Matthews, Joe Pavelski, Sean Bergenheim, Pierre-Edouard Bellemare, Mitch Marner, Pavel Zacha, Matthew Tkachuk
Custom OT Lines Defensemen
Aaron Ekblad, Jared Cowen, Philip Samuelsson, Marc Staal, Adam Fox
Scratches
Jared Spurgeon (Healthy), Tanner Richard (Healthy)
Jets
5 vs 5 Forward
Center Left Wing Right Wing Time % Phy DF OF
1 Ryan Johansen Alex Galchenyuk Tyler Seguin 35 1 1 3
2 Max Domi Anthony Mantha Viktor Arvidsson 35 1 2 2
3 Alexander Wennberg Frank Vatrano Tyler Toffoli 20 1 2 2
4 Noel Acciari Kyle Connor Sam Reinhart 10 1 2 2
5 vs 5 Defense
Defense Defense Time % Phy DF OF
1 Adam Larsson Dougie Hamilton 40 1 2 2
2 Ryan Murray Marco Scandella 30 1 2 2
3 Troy Stetcher Mirco Mueller 30 1 2 2
4 Adam Larsson Dougie Hamilton 0 1 2 2
PowerPlay Forward
Center Left Wing Right Wing Time % Phy DF OF
1 Ryan Johansen Alex Galchenyuk Tyler Toffoli 55 0 0 5
2 Max Domi Anthony Mantha Tyler Seguin 45 0 0 5
PowerPlay Defense
Defense Defense Time % Phy DF OF
1 Adam Larsson Dougie Hamilton 60 0 1 4
2 Sam Reinhart Ryan Murray 40 0 1 4
Penalty Kill 4 Players Forward
Center Wing Time % Phy DF OF
1 Alexander Wennberg Anthony Mantha 60 1 2 2
2 Noel Acciari Frank Vatrano 40 1 2 2
Penalty Kill 4 Players Defense
Defense Defense Time % Phy DF OF
1 Adam Larsson Dougie Hamilton 60 1 3 1
2 Ryan Murray Marco Scandella 40 1 3 1
Penalty Kill - 3 Players Forward
Forward Time % Phy DF OF
1 Ryan Johansen 60 0 4 1
2 Noel Acciari 40 0 4 1
Penalty Kill - 3 Players Defense
Defense Defense Time % Phy DF OF
1 Adam Larsson Dougie Hamilton 60 1 4 0
2 Ryan Murray Marco Scandella 40 1 4 0
4 vs 4 Forward
Center Wing Time % Phy DF OF
1 Ryan Johansen Alex Galchenyuk 60 1 2 2
2 Max Domi Tyler Seguin 40 1 2 2
4 vs 4 Defense
Defense Defense Time % Phy DF OF
1 Adam Larsson Dougie Hamilton 60 1 2 2
2 Ryan Murray Marco Scandella 40 1 2 2
Last Minutes Offensive
Center Left Wing Right Wing Defense Defense
Ryan Johansen Alex Galchenyuk Tyler Seguin Adam Larsson Dougie Hamilton
Last Minutes Defensive
Center Left Wing Right Wing Defense Defense
Ryan Johansen Anthony Mantha Tyler Toffoli Adam Larsson Marco Scandella
Goaltenders
Starting : Jacob Markstrom
Backup : Elvis Merzlikins
Extra Forwards
Normal : Viktor Arvidsson, Anthony Mantha, Alexander Wennberg - PP : Viktor Arvidsson, Anthony Mantha - PK : Viktor Arvidsson
Extra Defensemen
Normal : Marco Scandella, Troy Stetcher, Mirco Mueller - PP : Marco Scandella - PK : Marco Scandella, Troy Stetcher
Penalty Shots
Tyler Seguin, Alex Galchenyuk, Ryan Johansen, Tyler Toffoli, Viktor Arvidsson
Custom OT Lines Forwards
Tyler Seguin, Alex Galchenyuk, Ryan Johansen, Tyler Toffoli, Viktor Arvidsson, Anthony Mantha, Alexander Wennberg, Max Domi, Kyle Connor, Sam Reinhart
Custom OT Lines Defensemen
Adam Larsson, Dougie Hamilton, Ryan Murray, Marco Scandella, Troy Stetcher
Scratches
None
% Time on Ice - Kings
Lines # - Real PCT - Wanted PCT - Time Play
Normal Forward
1 - 30% - 35% - 13:53
2 - 31% - 35% - 14:09
3 - 23% - 29% - 10:44
4 - 15% - 1% - 6:56
Normal Defense
1 - 36% - 35% - 16:34
2 - 35% - 35% - 15:47
3 - 29% - 30% - 13:21
4 - 0% - 0% - 0:00
PP Forward
1 - 55% - 60% - 5:44
2 - 45% - 40% - 4:36
PP Defense
1 - 68% - 70% - 6:59
2 - 32% - 30% - 3:21
PK Forward
1 - 69% - 60% - 2:32
2 - 31% - 40% - 1:09
PK Defense
1 - 56% - 60% - 2:04
2 - 44% - 40% - 1:37
PK3 Forward
1 - 0% - 60%
2 - 0% - 40%
PK3 Defense
1 - 0% - 60%
2 - 0% - 40%
44 Forward
1 - 100% - 60% - 0:17
2 - 0% - 40% - 0:00
44 Defense
1 - 100% - 60% - 0:17
2 - 0% - 40% - 0:00
Last Minute Offensive - 0:00
Last Minute Defensive - 0:00
Total
Forward - 60:00
Defense - 60:00
|
% Time on Ice - Jets
Lines # - Real PCT - Wanted PCT - Time Play
Normal Forward
1 - 32% - 35% - 14:38
2 - 32% - 35% - 14:38
3 - 19% - 20% - 8:45
4 - 17% - 10% - 7:41
Normal Defense
1 - 41% - 40% - 18:55
2 - 29% - 30% - 13:19
3 - 29% - 30% - 13:28
4 - 0% - 0% - 0:00
PP Forward
1 - 51% - 55% - 1:53
2 - 49% - 45% - 1:48
PP Defense
1 - 66% - 60% - 2:25
2 - 34% - 40% - 1:16
PK Forward
1 - 70% - 60% - 7:12
2 - 30% - 40% - 3:08
PK Defense
1 - 66% - 60% - 6:51
2 - 34% - 40% - 3:29
PK3 Forward
1 - 0% - 60%
2 - 0% - 40%
PK3 Defense
1 - 0% - 60%
2 - 0% - 40%
44 Forward
1 - 100% - 60% - 0:17
2 - 0% - 40% - 0:00
44 Defense
1 - 100% - 60% - 0:17
2 - 0% - 40% - 0:00
Last Minute Offensive - 0:00
Last Minute Defensive - 0:00
Total
Forward - 60:00
Defense - 60:00
|
Play-by-Play
1st period
0:01 of 1st period - Ryan Johansen wins face-off versus Brayden Schenn in neutral zone.
0:32 of 1st period - Chris Kreider is hit by Marco Scandella and loses puck.
1:13 of 1st period - Slapshot by Troy Stetcher.
1:13 of 1st period - Deflect By Sam Reinhart.
1:13 of 1st period - Stopped by Alexandar Georgiev with a rebound.
1:15 of 1st period - Wrist shot by Troy Stetcher.
1:15 of 1st period - Shot Blocked by Jared Cowen.
1:17 of 1st period - Slapshot by Troy Stetcher.
1:17 of 1st period - Stopped by Alexandar Georgiev without a rebound.
1:18 of 1st period - Max Domi wins face-off versus Ryan Getzlaf in Kings zone.
3:54 of 1st period - Wrist shot by Noel Acciari.
3:54 of 1st period - Shot Misses the Net.
3:56 of 1st period - Slapshot by Mirco Mueller.
3:56 of 1st period - Stopped by Alexandar Georgiev without a rebound.
3:57 of 1st period - Max Domi wins face-off versus Brayden Schenn in Kings zone.
4:12 of 1st period - Snap shot by Anthony Mantha.
4:12 of 1st period - Shot Blocked by Marc Staal.
4:14 of 1st period - Slapshot by Max Domi.
4:14 of 1st period - Stopped by Alexandar Georgiev without a rebound.
4:15 of 1st period - Chris Kreider wins face-off versus Ryan Johansen in Kings zone.
4:45 of 1st period - Wrist shot by Nikita Kucherov.
4:45 of 1st period - Stopped by Jacob Markstrom with a rebound.
4:48 of 1st period - Icing by Viktor Arvidsson.
4:49 of 1st period - Pierre-Edouard Bellemare wins face-off versus Max Domi in Jets zone.
5:12 of 1st period - Wrist shot by Anthony Mantha.
5:12 of 1st period - Shot Misses the Net.
5:14 of 1st period - Snap shot by Max Domi.
5:14 of 1st period - Stopped by Alexandar Georgiev with a rebound.
5:36 of 1st period - Wrist shot by Mitch Marner.
5:36 of 1st period - Stopped by Jacob Markstrom with a rebound.
5:38 of 1st period - Wrist shot by Nikita Kucherov.
5:38 of 1st period - Shot Blocked by Marco Scandella.
5:40 of 1st period - Slapshot by Jared Cowen.
5:40 of 1st period - Shot Blocked by Marco Scandella.
5:42 of 1st period - Slapshot by Adam Fox.
5:42 of 1st period - Stopped by Jacob Markstrom with a rebound.
5:58 of 1st period - Frank Vatrano is hit by Joe Pavelski and loses puck.
6:19 of 1st period - Slapshot by Adam Fox.
6:19 of 1st period - Deflect By Dougie Hamilton.
6:19 of 1st period - Stopped by Jacob Markstrom without a rebound.
6:20 of 1st period - Auston Matthews wins face-off versus Noel Acciari in Jets zone.
6:34 of 1st period - Troy Stetcher is hit by Philip Samuelsson and loses puck.
6:45 of 1st period - Matthew Tkachuk is hit by Kyle Connor and loses puck.
7:54 of 1st period - Dougie Hamilton is hit by Auston Matthews and loses puck.
8:17 of 1st period - Snap shot by Chris Kreider.
8:17 of 1st period - Stopped by Jacob Markstrom with a rebound.
8:41 of 1st period - Wrist shot by Adam Larsson.
8:41 of 1st period - Stopped by Alexandar Georgiev without a rebound.
8:42 of 1st period - Ryan Johansen wins face-off versus Brayden Schenn in Kings zone.
8:59 of 1st period - Jared Cowen is hit by Ryan Johansen.
9:09 of 1st period - Joe Pavelski is hit by Viktor Arvidsson.
9:33 of 1st period - Frank Vatrano is hit by Marc Staal.
10:26 of 1st period - Zac Rinaldo is hit by Ryan Murray and loses puck.
10:34 of 1st period - Icing by Marc Staal.
10:35 of 1st period - Brayden Schenn wins face-off versus Ryan Johansen in Kings zone.
10:52 of 1st period - Marc Staal is hit by Alex Galchenyuk and loses puck.
11:07 of 1st period - Wrist shot by Max Domi.
11:07 of 1st period - Stopped by Alexandar Georgiev without a rebound.
11:08 of 1st period - Max Domi wins face-off versus Pierre-Edouard Bellemare in Kings zone.
11:15 of 1st period - Slapshot by Pavel Zacha.
11:15 of 1st period - Goal by Pavel Zacha - Kings : 1 - Jets : 0.
11:16 of 1st period - Ryan Johansen wins face-off versus Brayden Schenn in neutral zone.
11:53 of 1st period - Wrist shot by Pavel Zacha.
11:53 of 1st period - Shot Blocked by Dougie Hamilton.
11:55 of 1st period - Slapshot by Marc Staal.
11:55 of 1st period - Shot Misses the Net.
12:30 of 1st period - Icing by Adam Fox.
12:31 of 1st period - Ryan Johansen wins face-off versus Ryan Getzlaf in Kings zone.
12:48 of 1st period - Slapshot by Adam Fox.
12:48 of 1st period - Shot Misses the Net.
13:09 of 1st period - Snap shot by Ryan Getzlaf.
13:09 of 1st period - Stopped by Jacob Markstrom without a rebound.
13:10 of 1st period - Max Domi wins face-off versus Brayden Schenn in Jets zone.
13:21 of 1st period - Wrist shot by Anthony Mantha.
13:21 of 1st period - Stopped by Alexandar Georgiev with a rebound.
14:07 of 1st period - Slapshot by Adam Fox.
14:07 of 1st period - Shot Blocked by Marco Scandella.
14:09 of 1st period - Slapshot by Pierre-Edouard Bellemare.
14:09 of 1st period - Deflect By Pavel Zacha.
14:09 of 1st period - Goal by Pavel Zacha - Kings : 2 - Jets : 0.
14:10 of 1st period - Ryan Johansen wins face-off versus Brayden Schenn in neutral zone.
14:27 of 1st period - Slapshot by Tyler Seguin.
14:27 of 1st period - Shot Misses the Net.
15:03 of 1st period - Wrist shot by Auston Matthews.
15:03 of 1st period - Stopped by Jacob Markstrom without a rebound.
15:04 of 1st period - Alexander Wennberg wins face-off versus Auston Matthews in Jets zone.
15:17 of 1st period - Auston Matthews is hit by Frank Vatrano and loses puck.
15:55 of 1st period - Snap shot by Joe Pavelski.
15:55 of 1st period - Stopped by Jacob Markstrom without a rebound.
15:56 of 1st period - Ryan Johansen wins face-off versus Pierre-Edouard Bellemare in Jets zone.
16:03 of 1st period - Snap shot by Joe Pavelski.
16:03 of 1st period - Stopped by Jacob Markstrom with a rebound.
16:05 of 1st period - Wrist shot by Pavel Zacha.
16:05 of 1st period - Stopped by Jacob Markstrom without a rebound.
16:06 of 1st period - Brayden Schenn wins face-off versus Ryan Johansen in Jets zone.
16:31 of 1st period - Minor Penalty to Adam Larsson for High sticking.
16:32 of 1st period - Alexander Wennberg wins face-off versus Auston Matthews in Jets zone.
18:31 of 1st period - Penalty to Adam Larsson is over, Adam Larsson is back on ice.
18:35 of 1st period - Noel Acciari is hit by Pavel Zacha and loses puck.
18:50 of 1st period - Snap shot by Sean Bergenheim.
18:50 of 1st period - Stopped by Jacob Markstrom with a rebound.
19:04 of 1st period - Wrist shot by Adam Larsson.
19:04 of 1st period - Shot Misses the Net.
19:16 of 1st period - Wrist shot by Frank Vatrano.
19:16 of 1st period - Stopped by Alexandar Georgiev without a rebound.
19:17 of 1st period - Ryan Johansen wins face-off versus Sean Bergenheim in Kings zone.
19:22 of 1st period - Wrist shot by Ryan Johansen.
19:22 of 1st period - Deflect By Adam Fox.
19:22 of 1st period - Shot Misses the Net.
19:22 of 1st period - Puck is out of play.
19:23 of 1st period - Ryan Getzlaf wins face-off versus Ryan Johansen in Kings zone.
19:23 of 1st period - Ryan Getzlaf is hit by Tyler Seguin.
19:32 of 1st period - Minor Penalty to Troy Stetcher for Holding.
19:33 of 1st period - Auston Matthews wins face-off versus Alexander Wennberg in Jets zone.
19:38 of 1st period - Off-side.
19:39 of 1st period - Auston Matthews wins face-off versus Alexander Wennberg in neutral zone.
19:50 of 1st period - Slapshot by Quinn Hughes.
19:50 of 1st period - Stopped by Jacob Markstrom with a rebound.
19:52 of 1st period - Snap shot by Mitch Marner.
19:52 of 1st period - Goal by Mitch Marner - Kings : 3 - Jets : 0.
19:53 of 1st period - Brayden Schenn wins face-off versus Alex Galchenyuk in neutral zone.
Goals for this period are 3 for Kings vs 0 for Jets.
Shots for this period are 15 for Kings vs 9 for Jets.
2nd period
0:01 of 2nd period - Brayden Schenn wins face-off versus Ryan Johansen in neutral zone.
0:08 of 2nd period - Slapshot by Nikita Kucherov.
0:08 of 2nd period - Shot Misses the Net.
0:22 of 2nd period - Mirco Mueller is hit by Brayden Schenn and loses puck.
0:31 of 2nd period - Snap shot by Ryan Johansen.
0:31 of 2nd period - Shot Blocked by Adam Fox.
0:33 of 2nd period - Slapshot by Ryan Johansen.
0:33 of 2nd period - Shot Misses the Net.
0:35 of 2nd period - Snap shot by Alex Galchenyuk.
0:35 of 2nd period - Stopped by Alexandar Georgiev without a rebound.
0:36 of 2nd period - Auston Matthews wins face-off versus Max Domi in Kings zone.
0:41 of 2nd period - Marco Scandella is hit by Chris Kreider.
0:51 of 2nd period - Wrist shot by Anthony Mantha.
0:51 of 2nd period - Stopped by Alexandar Georgiev with a rebound.
0:53 of 2nd period - Slapshot by Ryan Murray.
0:53 of 2nd period - Shot Blocked by Marc Staal.
1:03 of 2nd period - Quinn Hughes is hit by Frank Vatrano and loses puck.
1:15 of 2nd period - Minor Penalty to Frank Vatrano for Tripping.
1:16 of 2nd period - Anthony Mantha wins face-off versus Auston Matthews in Jets zone.
1:54 of 2nd period - Slapshot by Quinn Hughes.
1:54 of 2nd period - Shot Blocked by Adam Larsson.
1:56 of 2nd period - Snap shot by Brayden Schenn.
1:56 of 2nd period - Stopped by Jacob Markstrom with a rebound.
2:58 of 2nd period - Nikita Kucherov is hit by Alex Galchenyuk and loses puck.
3:15 of 2nd period - Penalty to Frank Vatrano is over, Frank Vatrano is back on ice.
3:23 of 2nd period - Wrist shot by Noel Acciari.
3:23 of 2nd period - Deflect By Frank Vatrano.
3:23 of 2nd period - Stopped by Alexandar Georgiev with a rebound.
3:36 of 2nd period - Slapshot by Troy Stetcher.
3:36 of 2nd period - Deflect By Aaron Ekblad.
3:36 of 2nd period - Stopped by Alexandar Georgiev with a rebound.
3:38 of 2nd period - Wrist shot by Frank Vatrano.
3:38 of 2nd period - Shot Blocked by Sean Bergenheim.
3:40 of 2nd period - Wrist shot by Noel Acciari.
3:40 of 2nd period - Stopped by Alexandar Georgiev without a rebound.
3:41 of 2nd period - Zac Rinaldo wins face-off versus Max Domi in Kings zone.
3:50 of 2nd period - Snap shot by Aaron Ekblad.
3:50 of 2nd period - Stopped by Jacob Markstrom without a rebound.
3:51 of 2nd period - Max Domi wins face-off versus Auston Matthews in Jets zone.
4:00 of 2nd period - Snap shot by Max Domi.
4:00 of 2nd period - Shot Blocked by Auston Matthews.
4:38 of 2nd period - Icing by Pavel Zacha.
4:39 of 2nd period - Alexander Wennberg wins face-off versus Pierre-Edouard Bellemare in Kings zone.
4:54 of 2nd period - Slapshot by Pavel Zacha.
4:54 of 2nd period - Stopped by Jacob Markstrom with a rebound.
4:58 of 2nd period - Wrist shot by Joe Pavelski.
4:58 of 2nd period - Stopped by Jacob Markstrom without a rebound.
4:59 of 2nd period - Ryan Johansen wins face-off versus Auston Matthews in Jets zone.
5:04 of 2nd period - Quinn Hughes is hit by Tyler Seguin and loses puck.
5:30 of 2nd period - Mitch Marner is hit by Dougie Hamilton and loses puck.
5:35 of 2nd period - Wrist shot by Viktor Arvidsson.
5:35 of 2nd period - Stopped by Alexandar Georgiev with a rebound.
6:17 of 2nd period - Backhand shot by Sean Bergenheim.
6:17 of 2nd period - Stopped by Jacob Markstrom with a rebound.
6:19 of 2nd period - Minor Penalty to Alex Galchenyuk for Roughing.
6:20 of 2nd period - Alexander Wennberg wins face-off versus Auston Matthews in Jets zone.
6:20 of 2nd period - Alexander Wennberg is hit by Mitch Marner.
6:32 of 2nd period - Ryan Murray is hit by Mitch Marner.
7:50 of 2nd period - Jared Cowen is hit by Frank Vatrano and loses puck.
8:19 of 2nd period - Penalty to Alex Galchenyuk is over, Alex Galchenyuk is back on ice.
9:12 of 2nd period - Snap shot by Max Domi.
9:12 of 2nd period - Shot Blocked by Jared Cowen.
9:40 of 2nd period - Matthew Tkachuk is hit by Frank Vatrano and loses puck.
9:49 of 2nd period - Minor Penalty to Frank Vatrano for Tripping.
9:50 of 2nd period - Auston Matthews wins face-off versus Alexander Wennberg in Jets zone.
11:49 of 2nd period - Penalty to Frank Vatrano is over, Frank Vatrano is back on ice.
12:04 of 2nd period - Slapshot by Marco Scandella.
12:04 of 2nd period - Deflect By Max Domi.
12:04 of 2nd period - Shot Blocked by Zac Rinaldo.
12:04 of 2nd period - Puck is out of play.
12:05 of 2nd period - Ryan Getzlaf wins face-off versus Ryan Johansen in Kings zone.
12:34 of 2nd period - Slapshot by Troy Stetcher.
12:34 of 2nd period - Stopped by Alexandar Georgiev without a rebound.
12:35 of 2nd period - Pierre-Edouard Bellemare wins face-off versus Noel Acciari in Kings zone.
13:07 of 2nd period - Backhand shot by Sam Reinhart.
13:07 of 2nd period - Shot Misses the Net.
13:09 of 2nd period - Slapshot by Adam Larsson.
13:09 of 2nd period - Deflect By Jared Cowen.
13:09 of 2nd period - Stopped by Alexandar Georgiev with a rebound.
13:11 of 2nd period - Snap shot by Kyle Connor.
13:11 of 2nd period - Shot Misses the Net.
13:13 of 2nd period - Slapshot by Adam Larsson.
13:13 of 2nd period - Shot Blocked by Jared Cowen.
13:15 of 2nd period - Snap shot by Noel Acciari.
13:15 of 2nd period - Stopped by Alexandar Georgiev with a rebound.
13:17 of 2nd period - Slapshot by Dougie Hamilton.
13:17 of 2nd period - Shot Blocked by Chris Kreider.
13:19 of 2nd period - Slapshot by Adam Larsson.
13:19 of 2nd period - Shot Blocked by Jared Cowen.
13:26 of 2nd period - Minor Penalty to Matthew Tkachuk for Holding.
13:27 of 2nd period - Ryan Johansen wins face-off versus Joe Pavelski in Kings zone.
13:27 of 2nd period - Slapshot by Alex Galchenyuk.
13:27 of 2nd period - Stopped by Alexandar Georgiev without a rebound.
13:28 of 2nd period - Joe Pavelski wins face-off versus Tyler Toffoli in Kings zone.
13:54 of 2nd period - Joe Pavelski is hit by Max Domi and loses puck.
14:19 of 2nd period - Wrist shot by Chris Kreider.
14:19 of 2nd period - Stopped by Jacob Markstrom without a rebound.
14:20 of 2nd period - Pierre-Edouard Bellemare wins face-off versus Ryan Johansen in Jets zone.
14:21 of 2nd period - Slapshot by Zac Rinaldo.
14:21 of 2nd period - Stopped by Jacob Markstrom without a rebound.
14:22 of 2nd period - Ryan Johansen wins face-off versus Pierre-Edouard Bellemare in Jets zone.
14:48 of 2nd period - Off-side.
14:49 of 2nd period - Max Domi wins face-off versus Joe Pavelski in neutral zone.
15:08 of 2nd period - Minor Penalty to Adam Larsson for Delaying the game.
15:09 of 2nd period - Nikita Kucherov wins face-off versus Ryan Johansen in Jets zone.
15:26 of 2nd period - Penalty to Matthew Tkachuk is over, Matthew Tkachuk is back on ice.
15:28 of 2nd period - Snap shot by Brayden Schenn.
15:28 of 2nd period - Stopped by Jacob Markstrom with a rebound.
15:30 of 2nd period - Snap shot by Brayden Schenn.
15:30 of 2nd period - Goal by Brayden Schenn - Kings : 4 - Jets : 0.
15:31 of 2nd period - Max Domi wins face-off versus Brayden Schenn in neutral zone.
15:37 of 2nd period - Off-side.
15:38 of 2nd period - Max Domi wins face-off versus Brayden Schenn in neutral zone.
15:41 of 2nd period - Nikita Kucherov is hit by Viktor Arvidsson and loses puck.
16:16 of 2nd period - Wrist shot by Alex Galchenyuk.
16:16 of 2nd period - Goal by Alex Galchenyuk - Kings : 4 - Jets : 1.
16:17 of 2nd period - Max Domi wins face-off versus Brayden Schenn in neutral zone.
16:27 of 2nd period - Minor Penalty to Brayden Schenn for Goalie Interference.
16:28 of 2nd period - Joe Pavelski wins face-off versus Ryan Johansen in Kings zone.
18:27 of 2nd period - Penalty to Brayden Schenn is over, Brayden Schenn is back on ice.
18:48 of 2nd period - Snap shot by Brayden Schenn.
18:48 of 2nd period - Shot Misses the Net.
19:10 of 2nd period - Snap shot by Zac Rinaldo.
19:10 of 2nd period - Shot Blocked by Mirco Mueller.
19:12 of 2nd period - Slapshot by Adam Fox.
19:12 of 2nd period - Deflect By Zac Rinaldo.
19:12 of 2nd period - Shot Misses the Net.
19:12 of 2nd period - Puck is out of play.
19:13 of 2nd period - Max Domi wins face-off versus Auston Matthews in Jets zone.
19:20 of 2nd period - Chris Kreider is hit by Anthony Mantha.
19:38 of 2nd period - Anthony Mantha is hit by Mitch Marner and loses puck.
Goals for this period are 1 for Kings vs 1 for Jets.
Shots for this period are 9 for Kings vs 11 for Jets.
3rd period
0:01 of 3rd period - Ryan Johansen wins face-off versus Brayden Schenn in neutral zone.
0:26 of 3rd period - Aaron Ekblad is hit by Dougie Hamilton and loses puck.
0:59 of 3rd period - Slapshot by Pierre-Edouard Bellemare.
0:59 of 3rd period - Shot Misses the Net.
1:53 of 3rd period - Snap shot by Joe Pavelski.
1:53 of 3rd period - Stopped by Jacob Markstrom with a rebound.
1:55 of 3rd period - Snap shot by Pavel Zacha.
1:55 of 3rd period - Goal by Pavel Zacha - Kings : 5 - Jets : 1.
1:56 of 3rd period - Ryan Johansen wins face-off versus Brayden Schenn in neutral zone.
1:58 of 3rd period - Minor Penalty to Ryan Johansen for Hooking.
1:59 of 3rd period - Auston Matthews wins face-off versus Alexander Wennberg in Jets zone.
1:59 of 3rd period - Wrist shot by Nikita Kucherov.
1:59 of 3rd period - Deflect By Auston Matthews.
1:59 of 3rd period - Shot Misses the Net.
1:59 of 3rd period - Puck is out of play.
2:00 of 3rd period - Alexander Wennberg wins face-off versus Auston Matthews in Jets zone.
2:33 of 3rd period - Dougie Hamilton is hit by Brayden Schenn and loses puck.
3:07 of 3rd period - Icing by Chris Kreider.
3:08 of 3rd period - Brayden Schenn wins face-off versus Viktor Arvidsson in Kings zone.
3:58 of 3rd period - Penalty to Ryan Johansen is over, Ryan Johansen is back on ice.
4:14 of 3rd period - Snap shot by Ryan Johansen.
4:14 of 3rd period - Stopped by Alexandar Georgiev with a rebound.
4:32 of 3rd period - Snap shot by Sam Reinhart.
4:32 of 3rd period - Shot Misses the Net.
4:34 of 3rd period - Wrist shot by Sam Reinhart.
4:34 of 3rd period - Stopped by Alexandar Georgiev with a rebound.
5:04 of 3rd period - Slapshot by Tyler Toffoli.
5:04 of 3rd period - Shot Misses the Net.
5:06 of 3rd period - Wrist shot by Alexander Wennberg.
5:06 of 3rd period - Stopped by Alexandar Georgiev without a rebound.
5:07 of 3rd period - Ryan Johansen wins face-off versus Brayden Schenn in Kings zone.
5:10 of 3rd period - Wrist shot by Ryan Johansen.
5:10 of 3rd period - Stopped by Alexandar Georgiev without a rebound.
5:11 of 3rd period - Pierre-Edouard Bellemare wins face-off versus Ryan Johansen in Kings zone.
5:46 of 3rd period - Slapshot by Troy Stetcher.
5:46 of 3rd period - Stopped by Alexandar Georgiev with a rebound.
5:48 of 3rd period - Wrist shot by Viktor Arvidsson.
5:48 of 3rd period - Shot Blocked by Marc Staal.
5:58 of 3rd period - Snap shot by Marc Staal.
5:58 of 3rd period - Shot Misses the Net.
7:17 of 3rd period - Icing by Mirco Mueller.
7:18 of 3rd period - Ryan Getzlaf wins face-off versus Max Domi in Jets zone.
7:19 of 3rd period - Wrist shot by Adam Fox.
7:19 of 3rd period - Shot Blocked by Viktor Arvidsson.
7:39 of 3rd period - Slapshot by Troy Stetcher.
7:39 of 3rd period - Shot Blocked by Nikita Kucherov.
7:41 of 3rd period - Slapshot by Max Domi.
7:41 of 3rd period - Shot Misses the Net.
7:43 of 3rd period - Wrist shot by Max Domi.
7:43 of 3rd period - Shot Blocked by Jared Cowen.
7:45 of 3rd period - Wrist shot by Viktor Arvidsson.
7:45 of 3rd period - Stopped by Alexandar Georgiev with a rebound.
8:11 of 3rd period - Snap shot by Viktor Arvidsson.
8:11 of 3rd period - Stopped by Alexandar Georgiev with a rebound.
8:13 of 3rd period - Slapshot by Mirco Mueller.
8:13 of 3rd period - Stopped by Alexandar Georgiev without a rebound.
8:14 of 3rd period - Auston Matthews wins face-off versus Ryan Johansen in Kings zone.
8:41 of 3rd period - Mitch Marner is hit by Tyler Toffoli and loses puck.
8:48 of 3rd period - Slapshot by Aaron Ekblad.
8:48 of 3rd period - Shot Misses the Net.
8:50 of 3rd period - Slapshot by Marc Staal.
8:50 of 3rd period - Stopped by Jacob Markstrom without a rebound.
8:51 of 3rd period - Ryan Johansen wins face-off versus Auston Matthews in Jets zone.
8:51 of 3rd period - Ryan Johansen is hit by Matthew Tkachuk.
10:10 of 3rd period - Wrist shot by Chris Kreider.
10:10 of 3rd period - Stopped by Jacob Markstrom with a rebound.
11:30 of 3rd period - Slapshot by Troy Stetcher.
11:30 of 3rd period - Stopped by Alexandar Georgiev with a rebound.
11:32 of 3rd period - Slapshot by Mirco Mueller.
11:32 of 3rd period - Stopped by Alexandar Georgiev with a rebound.
11:34 of 3rd period - Slapshot by Max Domi.
11:34 of 3rd period - Shot Misses the Net.
11:40 of 3rd period - Slapshot by Troy Stetcher.
11:40 of 3rd period - Shot Blocked by Matthew Tkachuk.
11:52 of 3rd period - Alex Galchenyuk is hit by Ryan Getzlaf and loses puck.
12:13 of 3rd period - Slapshot by Jared Cowen.
12:13 of 3rd period - Stopped by Jacob Markstrom with a rebound.
12:15 of 3rd period - Slapshot by Jared Cowen.
12:15 of 3rd period - Stopped by Jacob Markstrom with a rebound.
12:17 of 3rd period - Slapshot by Adam Fox.
12:17 of 3rd period - Stopped by Jacob Markstrom with a rebound.
12:38 of 3rd period - Icing by Marc Staal.
12:39 of 3rd period - Auston Matthews wins face-off versus Alex Galchenyuk in Kings zone.
13:00 of 3rd period - Snap shot by Viktor Arvidsson.
13:00 of 3rd period - Stopped by Alexandar Georgiev without a rebound.
13:01 of 3rd period - Nikita Kucherov wins face-off versus Max Domi in Kings zone.
13:29 of 3rd period - Slapshot by Mirco Mueller.
13:29 of 3rd period - Deflect By Chris Kreider.
13:29 of 3rd period - Stopped by Alexandar Georgiev without a rebound.
13:30 of 3rd period - Auston Matthews wins face-off versus Ryan Johansen in Kings zone.
13:40 of 3rd period - Off-side.
13:41 of 3rd period - Ryan Johansen wins face-off versus Brayden Schenn in neutral zone.
13:44 of 3rd period - Snap shot by Dougie Hamilton.
13:44 of 3rd period - Stopped by Alexandar Georgiev with a rebound.
13:52 of 3rd period - Slapshot by Mitch Marner.
13:52 of 3rd period - Shot Blocked by Dougie Hamilton.
13:54 of 3rd period - Slapshot by Philip Samuelsson.
13:54 of 3rd period - Deflect By Nikita Kucherov.
13:54 of 3rd period - Stopped by Jacob Markstrom with a rebound.
13:56 of 3rd period - Wrist shot by Brayden Schenn.
13:56 of 3rd period - Shot Misses the Net.
13:58 of 3rd period - Backhand shot by Aaron Ekblad.
13:58 of 3rd period - Deflect By Dougie Hamilton.
13:58 of 3rd period - Stopped by Jacob Markstrom without a rebound.
13:59 of 3rd period - Max Domi wins face-off versus Chris Kreider in Jets zone.
14:12 of 3rd period - Slapshot by Max Domi.
14:12 of 3rd period - Shot Misses the Net.
14:14 of 3rd period - Snap shot by Max Domi.
14:14 of 3rd period - Shot Misses the Net.
14:16 of 3rd period - Snap shot by Viktor Arvidsson.
14:16 of 3rd period - Stopped by Alexandar Georgiev without a rebound.
14:17 of 3rd period - Brayden Schenn wins face-off versus Ryan Johansen in Kings zone.
14:43 of 3rd period - Adam Larsson is hit by Aaron Ekblad and loses puck.
15:30 of 3rd period - Wrist shot by Mitch Marner.
15:30 of 3rd period - Deflect By Brayden Schenn.
15:30 of 3rd period - Stopped by Jacob Markstrom without a rebound.
15:31 of 3rd period - Ryan Johansen wins face-off versus Brayden Schenn in Jets zone.
16:29 of 3rd period - Joe Pavelski is hit by Marco Scandella.
16:41 of 3rd period - Tyler Toffoli is hit by Sean Bergenheim and loses puck.
17:18 of 3rd period - Wrist shot by Frank Vatrano.
17:18 of 3rd period - Shot Blocked by Chris Kreider.
17:20 of 3rd period - Slapshot by Troy Stetcher.
17:20 of 3rd period - Deflect By Marc Staal.
17:20 of 3rd period - Stopped by Alexandar Georgiev without a rebound.
17:21 of 3rd period - Ryan Johansen wins face-off versus Brayden Schenn in Kings zone.
17:53 of 3rd period - Snap shot by Viktor Arvidsson.
17:53 of 3rd period - Stopped by Alexandar Georgiev without a rebound.
17:54 of 3rd period - Max Domi wins face-off versus Auston Matthews in Kings zone.
18:19 of 3rd period - Quinn Hughes is hit by Alex Galchenyuk and loses puck.
18:30 of 3rd period - Snap shot by Ryan Johansen.
18:30 of 3rd period - Stopped by Alexandar Georgiev without a rebound.
18:31 of 3rd period - Max Domi wins face-off versus Auston Matthews in Kings zone.
18:40 of 3rd period - Snap shot by Matthew Tkachuk.
18:40 of 3rd period - Deflect By Troy Stetcher.
18:40 of 3rd period - Stopped by Jacob Markstrom with a rebound.
19:04 of 3rd period - Wrist shot by Alex Galchenyuk.
19:04 of 3rd period - Shot Hit the Post.
19:28 of 3rd period - Snap shot by Pierre-Edouard Bellemare.
19:28 of 3rd period - Shot Blocked by Adam Larsson.
Goals for this period are 1 for Kings vs 0 for Jets.
Shots for this period are 11 for Kings vs 17 for Jets.